 Dungeon Crawl Stone Soup version 0.28-a0-1190-g77e1c55843 (webtiles) character file.

Game seed: 16298716613708321954

5348 Gargoyl the Fighter (level 10, -1/82 HPs)
             Began as a Gnoll Abyssal Knight on Dec 18, 2021.
             Was a Priest of Lugonu.
             Slain by a manticore (3 damage)
             ... on level 8 of the Dungeon.
             The game lasted 00:12:50 (12286 turns).

Gargoyl the Fighter (Gnoll Abyssal Knight)         Turns: 12286, Time: 00:12:51

Health: -1/82      AC: 11    Str: 23    XL:     10   Next: 65%
Magic:  18/18      EV: 11    Int: 17    God:    Lugonu [***...]
Gold:   408        SH:  5    Dex: 17    Spells: 19/19 levels left

rFire   + . .      SeeInvis .   w - +3 battleaxe of Res Nullius {vorpal, rPois rCorr Str+5 Dex+4}
rCold   . . .      Faith    .   (shield currently unavailable)
rNeg    . . .      Spirit   .   f - +5 chain mail of Blue Skies {rCorr Str+2 Int+7}
rPois   +          Reflect  +   (no helmet)
rElec   .          Harm     .   (no cloak)
rCorr   +          Rampage  .   (no gloves)
Will    .....                   (no boots)
Stlth   ..........              c - amulet of reflection
HPRegen 0.23/turn               g - ring of protection from fire
MPRegen 0.16/turn               (no ring)

@: spiked
A: fangs 1, strong nose, distributed training, deformed body, wild magic 1,
MP-powered wands
a: Renounce Religion, Depart the Abyss, Bend Space, Banish


You were on level 8 of the Dungeon.
You worshipped Lugonu.
Lugonu was most pleased with you.
You visited 1 branch of the dungeon, and saw 8 of its levels.
You visited the Abyss 1 time.

You collected 464 gold pieces.
You spent 56 gold pieces at shops.

Inventory:

Hand Weapons
 a - a +2 hand axe
 d - a +2 dagger of venom
 s - a +2 dagger of draining
 w - the +3 battleaxe of Res Nullius (weapon) {vorpal, rPois rCorr Str+5 Dex+4}
   (You found it on level 8 of the Dungeon)

   It inflicts extra damage upon your enemies.
   Str:       It affects your strength (+5).
   Dex:       It affects your dexterity (+4).
   rPois:     It protects you from poison.
   rCorr:     It protects you from acid and corrosion.
Missiles
 i - 21 poisoned darts (quivered)
Armour
 e - a +0 kite shield
 f - the +5 chain mail of Blue Skies (worn) {rCorr Str+2 Int+7}
   (You acquired it on level 6 of the Dungeon)

   Str:       It affects your strength (+2).
   Int:       It affects your intelligence (+7).
   rCorr:     It protects you from acid and corrosion.
Jewellery
 c - an amulet of reflection (around neck)
 g - a ring of protection from fire (left hand)
 o - a ring of ice
Wands
 b - a wand of polymorph (2)
 n - a wand of flame (20)
 q - a wand of charming (5)
 v - a wand of mindburst (16)
Scrolls
 k - 3 scrolls of teleportation
 l - 2 scrolls of blinking
Potions
 h - a potion of curing
 j - 2 potions of ambrosia
 m - a potion of haste
 p - a potion of brilliance
 r - a potion of magic
 t - a potion of cancellation
 u - 2 potions of might {unknown}


   Skills:
 + Level 8.6 Fighting
 + Level 5.4 Short Blades
 + Level 5.4 Long Blades
 + Level 7.2 Axes
 + Level 5.4 Maces & Flails
 + Level 5.4 Polearms
 + Level 5.4 Staves
 + Level 5.4 Slings
 + Level 5.4 Bows
 + Level 5.4 Crossbows
 + Level 5.4 Throwing
 + Level 7.2 Armour
 + Level 6.1 Dodging
 + Level 5.4 Stealth
 + Level 5.4 Shields
 + Level 5.4 Unarmed Combat
 + Level 5.4 Spellcasting
 + Level 4.5 Conjurations
 + Level 4.5 Hexes
 + Level 4.5 Summonings
 + Level 4.5 Necromancy
 + Level 4.5 Translocations
 + Level 4.5 Transmutations
 + Level 4.5 Fire Magic
 + Level 4.5 Ice Magic
 + Level 4.5 Air Magic
 + Level 4.5 Earth Magic
 + Level 4.5 Poison Magic
 + Level 7.6 Invocations
 + Level 5.4 Evocations


You had 19 spell levels left.
You didn't know any spells.
Your spell library contained the following spells:

 Spells                   Type           Power      Damage    Failure   Level
 Alistair's Intoxication  Tmut/Pois      17%        N/A       99%         5
 Borgnjor's Vile Clutch   Necr/Erth      13%        N/A       99%         5
 Eringya's Noxious Bog    Tmut/Pois      13%        N/A       100%        6


Dungeon Overview and Level Annotations

Branches:
Dungeon (8/15)             Temple (0/1) D:4
   Lair: D:8-11

Altars:
Cheibriados
Elyvilon
Fedhas
Hepliaklqana

Shops:
D:2 *   D:5 *


Innate Abilities, Weirdness & Mutations

You have very sharp teeth.
Your uncanny sense of smell can sniff out nearby items.
Your experience applies equally to all skills.
Armour fits poorly on your strangely shaped body.
Your spells are a little harder to cast, but a little more powerful.
You expend magic power (3 MP) to strengthen your wands.


Message History

You block the tengu warrior's attack.
You slash the tengu warrior!
You kill the tengu warrior!
Lugonu accepts your kill.
The manticore flicks its tail.
The volley of spikes hits you!
The barbed spikes become lodged in your body.
The barbs in your skin will harm you if you move.
Continue?
Okay, then.
Throw: 22 darts (poison)
Press: ? - help, Q - select action, (/) - cycle Shift-Dir - straight line, f - manticore
Aim: a manticore (76% to hit)
You throw a poisoned dart. The poisoned dart hits the manticore.
The manticore is poisoned.
Unknown command.
You closely miss the manticore.
The manticore bites you but does no damage.
The manticore claws you. The manticore closely misses you.
You hit the manticore.
The manticore is lightly wounded.
The manticore bites you! The manticore claws you.
The manticore claws you but does no damage.
The manticore closely misses you. You block the manticore's attack.
The manticore closely misses you.
You slice the manticore!! You bite the manticore.
The manticore is severely wounded.
The manticore bites you!!
* * * LOW HITPOINT WARNING * * *
You block the manticore's attack. The manticore claws you.
* * * LOW HITPOINT WARNING * * *
You hit the manticore.
The manticore is almost dead.
You block the manticore's attack. The manticore barely misses you.
The manticore claws you.
* * * LOW HITPOINT WARNING * * *
You barely miss the manticore.
The manticore is almost dead.
The manticore bites you but does no damage.
The manticore claws you.
You die...

.#....[..#####.###.............
###............##..(..<.....[##
##..###########.######(......
##.# #.# ####..## ##.## #.# #..#
##..# #.#########..## . #.#.#
#.##........... .#############
#######.#.........
.............###@H(..#....###....
.#.#....###..H.###.[.#........#.#
∆#.###....###....###.#....##..#.#
... ###....###....#.#....##..#.#
..... ###....###Q...#........#.#
..#.#. ###....###..#...##..##.#
.. Q### ###....####.#......... ..
H. ###....##........... .. ..
###.....#.#.####.#


You could see a manticore (poisoned).

Vanquished Creatures
  A tengu warrior (D:8)
  3 centaur zombies
  A troll (D:8)
  A slime creature (D:5)
  5 yaks
  A steam dragon (D:7)
  4 water moccasins
  An orc warrior (D:7)
  A black bear (D:7)
  2 necrophages
  2 centaurs
  A phantom (D:6)
  An ogre (D:4)
  3 kobold brigands
  3 bullfrogs
  4 scorpions
  3 wights
  2 howler monkeys (D:7)
  4 hounds
  3 orc priests
  A bullfrog skeleton (D:6)
  12 jellies
  2 iguanas
  2 orc wizards
  A howler monkey zombie (D:7)
  3 gnolls (D:3)
  2 howler monkey skeletons
  5 adders
  3 white imps (D:6)
  An adder skeleton (D:4)
  4 worms
  2 dart slugs
  33 orcs
  4 ball pythons (D:2)
  23 endoplasms
  5 giant cockroaches
  6 goblins
  6 hobgoblins
  4 quokkas
  5 bats
  2 frilled lizards
  9 kobolds
  5 rats
186 creatures vanquished.

Vanquished Creatures (others)
  16 fungi
  3 plants (D:3)
  7 toadstools (D:6)
26 creatures vanquished.

Grand Total: 212 creatures vanquished

Notes
Turn   | Place    | Note
-------+----------+-------------------------------------------
     0 | Abyss:1  | Gargoyl the Gnoll Abyssal Knight began the quest for the
                  | Orb.
     0 | Abyss:1  | Reached XP level 1. HP: 23/23 MP: 3/3
     0 | Abyss:1  | Found a corrupted altar of Lugonu.
    35 | Abyss:1  | Noticed a great orb of eyes
    36 | D:1      | Escaped the Abyss
   198 | D:1      | Reached XP level 2. HP: 29/29 MP: 5/5
   587 | D:1      | Reached * piety under Lugonu
  1154 | D:2      | Reached XP level 3. HP: 33/35 MP: 6/6
  1177 | D:2      | Found Weskats's General Store.
  1180 | D:2      | Bought 10 poisoned darts for 56 gold pieces
  1981 | D:3      | Reached skill level 1 in Short Blades
  1981 | D:3      | Reached skill level 1 in Long Blades
  1981 | D:3      | Reached skill level 1 in Maces & Flails
  1981 | D:3      | Reached skill level 1 in Polearms
  1981 | D:3      | Reached skill level 1 in Staves
  1981 | D:3      | Reached skill level 1 in Slings
  1981 | D:3      | Reached skill level 1 in Bows
  1981 | D:3      | Reached skill level 1 in Crossbows
  1981 | D:3      | Reached skill level 1 in Throwing
  1981 | D:3      | Reached skill level 1 in Stealth
  1981 | D:3      | Reached skill level 1 in Shields
  1981 | D:3      | Reached skill level 1 in Unarmed Combat
  1981 | D:3      | Reached skill level 1 in Spellcasting
  1981 | D:3      | Reached skill level 1 in Evocations
  2010 | D:3      | Reached XP level 4. HP: 36/41 MP: 7/7
  2240 | D:3      | Reached skill level 1 in Conjurations
  2240 | D:3      | Reached skill level 1 in Hexes
  2240 | D:3      | Reached skill level 1 in Summonings
  2240 | D:3      | Reached skill level 1 in Necromancy
  2240 | D:3      | Reached skill level 1 in Translocations
  2240 | D:3      | Reached skill level 1 in Transmutations
  2240 | D:3      | Reached skill level 1 in Fire Magic
  2240 | D:3      | Reached skill level 1 in Ice Magic
  2240 | D:3      | Reached skill level 1 in Air Magic
  2240 | D:3      | Reached skill level 1 in Earth Magic
  2240 | D:3      | Reached skill level 1 in Poison Magic
  2906 | D:3      | Reached XP level 5. HP: 47/47 MP: 8/8
  2913 | D:3      | Reached ** piety under Lugonu
  3224 | D:3      | Gained mutation: Your spells are a little harder to cast,
                  | but a little more powerful. [potion of mutation]
  3224 | D:3      | Gained mutation: You expend magic power (3 MP) to
                  | strengthen your wands. [potion of mutation]
  3224 | D:3      | Gained mutation: Armour fits poorly on your strangely
                  | shaped body. [potion of mutation]
  3262 | D:4      | Found a white marble altar of Elyvilon.
  3323 | D:4      | Noticed an ogre
  3337 | D:4      | Killed an ogre
  3338 | D:4      | Reached skill level 5 in Invocations
  3338 | D:4      | Reached XP level 6. HP: 19/53 MP: 1/9
  3905 | D:4      | Found a staircase to the Ecumenical Temple.
  4249 | D:4      | Reached skill level 5 in Axes
  4249 | D:4      | Reached skill level 5 in Armour
  4700 | D:4      | Found a hazy altar of Hepliaklqana.
  4703 | D:4      | Found a faded altar of an unknown god.
  4718 | D:4      | Reached XP level 7. HP: 36/57 MP: 10/10
  4979 | D:5      | Entered Level 5 of the Dungeon
  5003 | D:5      | Reached skill level 7 in Fighting
  5764 | D:5      | Found Ymouki's Gadget Gallery.
  5838 | D:5      | Found a snail-covered altar of Cheibriados.
  6301 | D:6      | Reached XP level 8. HP: 63/67 MP: 12/12
  6658 | D:6      | Identified a scroll of acquirement
  6658 | D:6      | Acquired the +5 chain mail of Blue Skies {rCorr Str+2
                  | Int+7}
  7498 | D:6      | Reached *** piety under Lugonu
  7521 | D:6      | Reached XP level 9. HP: 55/72 MP: 14/14
  8695 | D:7      | Found a blossoming altar of Fedhas.
  8881 | D:5      | HP: 3/74 [slime creature (14)]
  8883 | D:5      | Reached skill level 5 in Dodging
  9498 | D:7      | Reached skill level 8 in Fighting
 10404 | D:6      | Reached XP level 10. HP: 36/80 MP: 12/17
 11146 | D:7      | Reached skill level 5 in Short Blades
 11146 | D:7      | Reached skill level 5 in Long Blades
 11146 | D:7      | Reached skill level 5 in Maces & Flails
 11146 | D:7      | Reached skill level 5 in Polearms
 11146 | D:7      | Reached skill level 5 in Staves
 11146 | D:7      | Reached skill level 5 in Slings
 11146 | D:7      | Reached skill level 5 in Bows
 11146 | D:7      | Reached skill level 5 in Crossbows
 11146 | D:7      | Reached skill level 5 in Throwing
 11146 | D:7      | Reached skill level 5 in Stealth
 11146 | D:7      | Reached skill level 5 in Shields
 11146 | D:7      | Reached skill level 5 in Unarmed Combat
 11146 | D:7      | Reached skill level 5 in Spellcasting
 11146 | D:7      | Reached skill level 5 in Evocations
 12222 | D:8      | Identified the +3 battleaxe of Res Nullius {vorpal, rPois
                  | rCorr Str+5 Dex+4}
 12245 | D:8      | Noticed a tengu warrior
 12245 | D:8      | Noticed a manticore
 12280 | D:8      | Killed a tengu warrior
 12285 | D:8      | HP: 2/82 [manticore (5)]
 12286 | D:8      | Slain by a manticore

Illustrated notes

Levels and vault maps discovered:
D:1:      erik_arrival_cave_to_civilisation [erik_arrival_cave_to_hall],
          layout_loops_ring
D:2:      layout_basic, serial_shops, nicolae_shop_behind_doors
D:3:      layout_basic, serial_forest, infiniplex_forest_lined_3_way,
          infiniplex_forest_lined_2, infiniplex_forest_zigzag_1,
          infiniplex_forest_lined_corner, infiniplex_forest_straight_2,
          infiniplex_forest_join, infiniplex_forest_clump_double,
          infiniplex_forest_clump_cross, lemuel_another_geyser
D:4:      layout_loops_corners, mainiacjoe_overflow_small_starburst,
          beargit_hepliaklqana_dungeon_heroes, minmay_temple_entry_glassed_door,
          grunt_ministairs_2, kennysheep_small_square
D:5:      layout_loops_corners, overflow_temple_1_default, nicolae_shop_gadgets
D:6:      cheibrodos_fertilizer, layout_rooms
D:7:      lemuel_slime, layout_rooms, kennysheep_flooded_box,
          lemuel_flamethrower_1
D:8:      minmay_tri_box, layout_loops_ring, serial_shops, shop_statue

Skill      XL: |  1  2  3  4  5  6  7  8  9 10 |
---------------+-------------------------------+-----
Short Blades   | 1 2 3 4 5 |  5.4
Long Blades    | 1 2 3 4 5 |  5.4
Maces & Flails | 1 2 3 4 5 |  5.4
Polearms       | 1 2 3 4 5 |  5.4
Staves         | 1 2 3 4 5 |  5.4
Slings         | 1 2 3 4 5 |  5.4
Bows           | 1 2 3 4 5 |  5.4
Crossbows      | 1 2 3 4 5 |  5.4
Throwing       | 1 2 3 4 5 |  5.4
Stealth        | 1 2 3 4 5 |  5.4
Shields        | 1 2 3 4 5 |  5.4
Unarmed Combat | 1 2 3 4 5 |  5.4
Spellcasting   | 1 2 3 4 5 |  5.4
Evocations     | 1 2 3 4 5 |  5.4
Conjurations   | 1 2 3 4 |  4.5
Hexes          | 1 2 3 4 |  4.5
Summonings     | 1 2 3 4 |  4.5
Necromancy     | 1 2 3 4 |  4.5
Translocations | 1 2 3 4 |  4.5
Transmutations | 1 2 3 4 |  4.5
Fire Magic     | 1 2 3 4 |  4.5
Ice Magic      | 1 2 3 4 |  4.5
Air Magic      | 1 2 3 4 |  4.5
Earth Magic    | 1 2 3 4 |  4.5
Poison Magic   | 1 2 3 4 |  4.5
Dodging        | 3 4 5 6 |  6.1
Invocations    | 5 6 7 |  7.6
Axes           | 5 6 7 |  7.2
Armour         | 5 6 7 |  7.2
Fighting       | 7 8 |  8.6

Action                   |  1- 3 |  4- 6 |  7- 9 | 10-12 || total
-------------------------+-------+-------+-------+-------++-------
Melee: Hand axe          |    13 |       |   117 |    27 ||   157
       Bite              |     9 |    21 |    75 |    38 ||   143
       Dagger            |    88 |   185 |   385 |   135 ||   793
       Battleaxe         |       |       |       |     9 ||     9
Throw: Dart              |       |       |     4 |     3 ||     7
Invok: Depart the Abyss  |     1 |       |       |       ||     1
       Bend Space        |       |       |     1 |     1 ||     2
       Banish            |       |       |     1 |       ||     1
Evoke: Wand              |       |     3 |       |       ||     3
  Use: Scroll            |     4 |     2 |     7 |     1 ||    14
       Potion            |     2 |     1 |     2 |       ||     5
Armor: Leather armour    |    31 |    11 |       |       ||    42
       Scale mail        |       |    36 |    23 |       ||    59
       Chain mail        |       |       |   171 |    50 ||   221
Dodge: Dodged            |    69 |    51 |   114 |    45 ||   279
Block: Other             |    33 |    12 |       |     6 ||    51
       Reflection        |     1 |       |     6 |       ||     7
       Kite shield       |       |    88 |   382 |   105 ||   575

Table legend: (Time is in decaauts)
 A = Elapsed time spent in this place.
 B = Non-inter-level travel time spent in this place.
 C = Inter-level travel time spent in this place.
 D = Time resting spent in this place.
 E = Time spent auto-exploring this place.
 F = Levels seen in this place.
 G = Mean time per level.
                   A        B        C        D        E       F      G
               +--------+--------+--------+--------+--------+-----+--------+
         Total |  12342 |  11867 |    475 |   2125 |   7291 |   9 | 1371.3 |
       Dungeon |  12306 |  11831 |    475 |   2125 |   7263 |   8 | 1538.2 |
         Abyss |     36 |     36 |      0 |      0 |     28 |   1 |   36.0 |
               +--------+--------+--------+--------+--------+-----+--------+

Top non-repeatable levels by time:
     D:7: 2452 daAuts
     D:6: 2354 daAuts
     D:5: 1889 daAuts
     D:4: 1763 daAuts
     D:3: 1303 daAuts
     D:1: 1066 daAuts
     D:2: 828 daAuts
     D:8: 648 daAuts
 Abyss:1: 36 daAuts
